[Event "Titled Tuesday Blitz November 14 Late 2023"]
[White "Martinez Reyes, Pedro Ramon"]
[Black "Jamal-Jamal-Jamal"]
[WhiteFideId "3901807"]
[WhiteElo "2603"]
[BlackElo "2434"]
[Result "0-1"]
[Round "7"]
[TimeControl "180+1"]
[Date "2023.11.14"]
[WhiteClock "0:02:02"]
[BlackClock "0:00:15"]
[Board "54"]

1. e4 c5 2. Nf3 e6 3. d4 cxd4 4. Nxd4 Nc6 5. Nxc6 bxc6 6. Bd3 d5 7. O-O Nf6 8. Nc3 Be7 9. Qe2 O-O 10. b3 a5 11. Bb2 Re8 12. Rad1 Bb7 13. f4 Ba6 14. Bxa6 Qb6+ 15. Kh1 Qxa6 16. Qd3 Red8 17. e5 Qxd3 18. cxd3 Nd7 19. Na4 Rdc8 20. Rc1 Rab8 21. Rc2 f6 22. Rfc1 fxe5 23. Rxc6 Rxc6 24. Rxc6 exf4 25. Rxe6 Kf7 26. Rc6 g5 27. Kg1 Re8 28. Kf1 h5 29. Rc7 Ke6 30. Rc6+ Kf7 31. Bc3 g4 32. Bxa5 Ne5 33. Rc3 d4 34. Rc4 Nxc4 35. dxc4 Ke6 36. c5 Kd5 37. b4 d3 38. Nb2 d2 39. c6 Bf6 40. b5 Bxb2 41. Bxd2 Kc5 42. a4 Be5 43. Be1 Bd4 44. Ba5 f3 45. gxf3 gxf3 46. c7 Rg8 47. Ke1 f2+ 48. Ke2 Re8+ 49. Kf1 Rg8 50. Ke2 Ra8 51. Kf1 Kd5 52. Ke2 Kd6 53. b6 Kc6 54. Kf1 Bxb6 55. c8=Q+ Rxc8 56. Bxb6 Kxb6 57. Kxf2 Ka5 58. Kg3 Rc5 59. Kh4 Kxa4 60. h3 Kb5 61. Kg3 Kc6 62. h4 Kd6 63. Kh2 Ke6 64. Kh1 Kf6 65. Kh2 Kf5 66. Kh1 Rc4 67. Kh2 Rg4 68. Kh3 Kf4 69. Kh2 Rxh4+ 70. Kg2 Rg4+ 71. Kh1 Kf3 72. Kh2 Rf4 73. Kh3 Rg4 74. Kh2 Kf4 75. Kh3 Kg5 76. Kh2 h4 77. Kh3 Kh5 78. Kh2 Rc4 79. Kh3 Rb4 80. Kh2 Ra4 81. Kh3 Ra3+ 82. Kh2 Kg4 83. Kg2 h3+ 84. Kh2 Ra2+ 85. Kh1 Kg3 86. Kg1 Ra1# 0-1


[Site "https://www.chess.com"]

[Event "Titled Tuesday Blitz November 14 Late 2023"]
[White "Degtiarev, Evgeny"]
[Black "Fiorito, Francisco"]
[WhiteFideId "4149610"]
[BlackFideId "180165"]
[WhiteElo "2400"]
[BlackElo "2601"]
[Result "0-1"]
[Round "7"]
[TimeControl "180+1"]
[Date "2023.11.14"]
[WhiteClock "0:00:06"]
[BlackClock "0:00:53"]
[Board "55"]

1. d4 Nf6 2. c4 b6 3. Nc3 Bb7 4. Qc2 d5 5. cxd5 Nxd5 6. e4 Nxc3 7. bxc3 e6 8. Bd3 c5 9. Ne2 cxd4 10. cxd4 Bb4+ 11. Bd2 Bxd2+ 12. Qxd2 O-O 13. O-O Nc6 14. Qe3 Rc8 15. Rad1 h6 16. Bb1 Na5 17. d5 Nc4 18. Qh3 exd5 19. exd5 Nd6 20. Qd3 g6 21. Nf4 Qf6 22. Qg3 Qg5 23. Rfe1 Qxg3 24. hxg3 Rc7 25. g4 Rfc8 26. g3 b5 27. Ng2 a5 28. f4 b4 29. f5 g5 30. f6 a4 31. Ne3 Ba6 32. Nf5 Nxf5 33. Bxf5 Rf8 34. d6 Rb7 35. d7 Rbb8 36. Rd6 Bc4 37. Red1 Rfd8 38. R1d2 b3 39. axb3 Bxb3 40. Rc6 a3 41. Rc8 a2 42. Rxa2 Bxa2 43. Rxb8 Rxb8 0-1


[Site "https://www.chess.com"]

[Event "Titled Tuesday Blitz November 14 Late 2023"]
[White "Lima, Kleyton Alcantara"]
[Black "Esquivel Golcher, Luis Enrique"]
[WhiteFideId "22718397"]
[BlackFideId "6600174"]
[WhiteElo "2595"]
[BlackElo "2397"]
[Result "0-1"]
[Round "7"]
[TimeControl "180+1"]
[Date "2023.11.14"]
[WhiteClock "0:00:13"]
[BlackClock "0:00:46"]
[Board "56"]

1. e4 e6 2. d4 d5 3. Nc3 Nf6 4. e5 Nfd7 5. f4 c5 6. Nf3 Nc6 7. Be3 a6 8. a3 b5 9. dxc5 Bxc5 10. Bxc5 Nxc5 11. b4 Nd7 12. Bd3 Qb6 13. Qd2 f6 14. exf6 Nxf6 15. Qf2 Qxf2+ 16. Kxf2 Ng4+ 17. Ke2 O-O 18. h3 Nf6 19. g3 Bb7 20. Rhe1 e5 21. fxe5 Rae8 22. Kd2 Nh5 23. Ng5 Nxe5 24. Bxh7+ Kh8 25. Rf1 Rf6 26. Bd3 Nxg3 27. Rg1 Ne4+ 28. Bxe4 dxe4 29. Raf1 e3+ 30. Kc1 Rc8 31. Nce4 Rxf1+ 32. Rxf1 Bxe4 33. Nxe4 e2 34. Re1 Nd3+ 35. Kd2 Nxe1 36. Kxe1 Rxc2 37. Nc5 a5 38. Nb7 axb4 39. axb4 Rb2 40. Nd6 Rxb4 41. Kxe2 Rd4 42. Nf5 Re4+ 43. Kf3 0-1


[Site "https://www.chess.com"]

[Event "Titled Tuesday Blitz November 14 Late 2023"]
[White "Mazzilli, Piero"]
[Black "aghasiyevkamal"]
[WhiteFideId "807087"]
[WhiteElo "2366"]
[BlackElo "2584"]
[Result "1-0"]
[Round "7"]
[TimeControl "180+1"]
[Date "2023.11.14"]
[WhiteClock "0:00:07"]
[BlackClock "0:00:00"]
[Board "57"]

1. e4 e6 2. Nf3 d5 3. Nc3 d4 4. Ne2 c5 5. c3 Nc6 6. cxd4 cxd4 7. Qa4 Bc5 8. b4 Bxb4 9. Nexd4 Qa5 10. Bb5 Qxa4 11. Bxa4 Bd7 12. Nxc6 Bxc6 13. Bxc6+ bxc6 14. Bb2 f6 15. Rb1 Ba5 16. Ke2 Ne7 17. Rhc1 Kd7 18. Ba3 Rab8 19. Bxe7 Kxe7 20. Rxb8 Rxb8 21. Rxc6 Rb2 22. Ra6 Bb6 23. a4 Ra2 24. Ne1 Kd7 25. Nd3 Kc7 26. Nb4 Ra3 27. Nc2 Ra2 28. Nb4 Ra1 29. Nc2 Rc1 30. a5 Kb7 31. Nb4 Rc4 32. axb6 Rxe4+ 33. Kf3 Rxb4 34. Rxa7+ Kxb6 35. Rxg7 Rh4 36. h3 Kc6 37. Kg3 Rh6 38. f4 Kd6 39. Kf3 Rh5 40. Ra7 Rd5 41. Rxh7 Rxd2 42. g4 Rd3+ 43. Kf2 e5 44. f5 e4 45. h4 Ke5 46. Rh6 Kf4 47. Rxf6 Rd2+ 48. Ke1 Rh2 49. Re6 Rxh4 50. f6 Kxg4 51. Rxe4+ 1-0


[Site "https://www.chess.com"]

[Event "Titled Tuesday Blitz November 14 Late 2023"]
[White "Janaszak, Dawid"]
[Black "Garrido, Denis"]
[WhiteFideId "1119206"]
[BlackFideId "601217"]
[WhiteElo "2576"]
[BlackElo "2394"]
[Result "1-0"]
[Round "7"]
[TimeControl "180+1"]
[Date "2023.11.14"]
[WhiteClock "0:00:49"]
[BlackClock "0:00:48"]
[Board "58"]

1. e4 c6 2. f4 d5 3. e5 c5 4. Nf3 Bg4 5. h3 Bxf3 6. Qxf3 e6 7. c3 h5 8. Bd3 g6 9. O-O Nc6 10. Bc2 h4 11. a3 Nh6 12. b4 Nf5 13. bxc5 Bxc5+ 14. d4 Nfxd4 15. cxd4 Bxd4+ 16. Be3 Bxa1 17. Nd2 Bd4 18. Kh1 Bxe3 19. Qxe3 Qb6 20. Qe1 O-O-O 21. Nf3 Kb8 22. Ng5 Rd7 23. Qd2 Rc7 24. Rb1 Qa5 25. Qe3 d4 26. Qf3 Qc3 27. Qd1 Rd8 28. Be4 d3 29. Qf3 d2 30. Qxc3 d1=Q+ 31. Rxd1 Rxd1+ 32. Kh2 Nd4 33. Qb4 Ne2 34. Qf8+ Rc8 35. Qxf7 Rc7 36. Qe8+ Rc8 37. Qb5 1-0


[Site "https://www.chess.com"]

[Event "Titled Tuesday Blitz November 14 Late 2023"]
[White "Prithu Gupta"]
[Black "Szente Varga, Fruzsina"]
[WhiteFideId "46618546"]
[BlackFideId "712264"]
[WhiteElo "2575"]
[BlackElo "2357"]
[Result "1/2-1/2"]
[Round "7"]
[TimeControl "180+1"]
[Date "2023.11.14"]
[WhiteClock "0:00:09"]
[BlackClock "0:00:14"]
[Board "59"]

1. d4 Nf6 2. c4 g6 3. Nf3 Bg7 4. e3 O-O 5. Nc3 d6 6. Be2 Nbd7 7. O-O e5 8. b4 exd4 9. exd4 c5 10. dxc5 dxc5 11. b5 Ne4 12. Nxe4 Bxa1 13. Bg5 Qe8 14. Qxa1 Qxe4 15. Bh6 f6 16. Bxf8 Kxf8 17. Re1 Kf7 18. Bf1 Qf4 19. Qc3 Nb6 20. g3 Qd6 21. Qe3 Bd7 22. Qh6 Kg8 23. Re4 Qf8 24. Qe3 Re8 25. h4 Rxe4 26. Qxe4 Bc8 27. h5 Kg7 28. hxg6 hxg6 29. Bd3 Qf7 30. Qe3 Na4 31. Bc2 Nb2 32. Bb3 Nxc4 33. Qxc5 Be6 34. Qxa7 b6 35. Qxf7+ Bxf7 36. Nd4 Na3 37. Bxf7 Kxf7 38. Kg2 Ke7 39. Kf3 Kd6 40. Ke4 Kc5 41. Ne6+ Kxb5 42. Nf8 g5 43. Nd7 Nb1 44. Kd3 Kb4 45. Nxf6 Nc3 46. Nd7 b5 47. a3+ Kb3 48. Nc5+ Kb2 49. f4 gxf4 50. gxf4 Nd5 51. f5 Kxa3 52. Kd4 Nf6 53. Ke5 Ng4+ 54. Kf4 Nf6 55. Kg5 Nd5 56. f6 Nxf6 57. Kxf6 b4 58. Ke5 b3 59. Nxb3 1/2-1/2


[Site "https://www.chess.com"]

[Event "Titled Tuesday Blitz November 14 Late 2023"]
[White "sjoerd893"]
[Black "VitaliyChayka"]
[WhiteElo "2567"]
[BlackElo "2345"]
[Result "0-1"]
[Round "7"]
[TimeControl "180+1"]
[Date "2023.11.14"]
[WhiteClock "0:01:30"]
[BlackClock "0:02:06"]
[Board "60"]

1. e4 d6 2. d4 Nf6 3. Nc3 e5 4. Nf3 Nbd7 5. Bc4 Be7 6. Be3 O-O 7. h3 c6 8. Qd2 b5 9. Bd3 Qc7 10. O-O a6 11. Rfd1 Bb7 12. Rac1 c5 13. dxc5 dxc5 14. Nd5 Bxd5 15. exd5 e4 16. Ng5 exd3 17. Qxd3 Bd6 18. c4 Ne5 19. Qf5 Nxc4 20. Bd4 cxd4 21. b3 Bf4 22. Rc2 Bxg5 23. Qxg5 Qe5 0-1


[Site "https://www.chess.com"]

[Event "Titled Tuesday Blitz November 14 Late 2023"]
[White "Vafin, Ayrat"]
[Black "Silvestre, Christian"]
[WhiteFideId "4146530"]
[BlackFideId "30956269"]
[WhiteElo "2541"]
[BlackElo "2263"]
[Result "1-0"]
[Round "7"]
[TimeControl "180+1"]
[Date "2023.11.14"]
[WhiteClock "0:00:26"]
[BlackClock "0:00:09"]
[Board "61"]

1. Nf3 c5 2. c4 Nf6 3. Nc3 g6 4. d4 cxd4 5. Nxd4 Bg7 6. g3 O-O 7. Bg2 a6 8. O-O d6 9. b3 Nbd7 10. Bb2 Qa5 11. h3 Rb8 12. a3 Ne5 13. f4 Nc6 14. b4 Qh5 15. e3 Nxd4 16. exd4 Bg4 17. hxg4 Nxg4 18. Rf3 Rbc8 19. Qd3 e5 20. fxe5 dxe5 21. Nd5 Rce8 22. dxe5 Qh2+ 23. Kf1 Bxe5 24. Bxe5 Nxe5 25. Nf6+ Kh8 26. Qc3 Re6 27. Ng4 Qh5 28. Nxe5 Rxe5 29. Re1 Re8 30. Rxe5 Rxe5 31. Re3 Qd1+ 32. Kf2 f6 33. Rxe5 fxe5 34. Qxe5+ Kg8 35. Bd5+ 1-0


[Site "https://www.chess.com"]

[Event "Titled Tuesday Blitz November 14 Late 2023"]
[White "Avalos Parra, Joao"]
[Black "Schnaider, Ilan"]
[WhiteFideId "3402541"]
[BlackFideId "169013"]
[WhiteElo "2352"]
[BlackElo "2713"]
[Result "0-1"]
[Round "7"]
[TimeControl "180+1"]
[Date "2023.11.14"]
[WhiteClock "0:00:00"]
[BlackClock "0:00:09"]
[Board "62"]

1. d4 d5 2. c4 c6 3. Nf3 Nf6 4. Nc3 e6 5. Bg5 h6 6. Bxf6 Qxf6 7. e3 g6 8. Bd3 Bg7 9. O-O O-O 10. e4 dxe4 11. Nxe4 Qd8 12. Bc2 c5 13. Nxc5 Nc6 14. Nb3 a5 15. a4 Nb4 16. Be4 Qc7 17. Rc1 Bd7 18. Nc5 Bc6 19. Bxc6 Qxc6 20. b3 Rad8 21. Qe2 Bxd4 22. Ne4 Bg7 23. Rfd1 Qc7 24. h3 Qf4 25. Ng3 Nc6 26. Nf1 Qc7 27. Ne3 Qb6 28. Qc2 Nb4 29. Qb1 Rxd1+ 30. Rxd1 Rd8 31. Rxd8+ Qxd8 32. Qd1 Qf6 33. Kf1 Qb2 34. c5 Nc6 35. Nc4 Qc3 36. Nd6 Qxc5 37. Nxb7 Qb6 38. Nd6 Qd8 39. Ke2 Nd4+ 40. Nxd4 Qxd6 41. Nb5 Qe5+ 42. Kf1 Qb2 43. Qd8+ Bf8 44. Qxa5 Qxb3 45. g3 Qd5 46. Kg1 Bc5 47. Qe1 Qb3 48. Kg2 Qxa4 49. Qe2 Qb4 50. Qd3 Bb6 51. Nc3 Qc5 52. Ne4 Qc6 53. f3 f5 54. Nc3 Ba5 55. Ne2 e5 56. g4 e4 57. fxe4 fxe4 58. Qb3+ Kg7 59. Qb2+ Kh7 60. Qb3 e3+ 61. Kf1 Qf3+ 0-1


[Site "https://www.chess.com"]

[Event "Titled Tuesday Blitz November 14 Late 2023"]
[White "Tristan, Leonardo"]
[Black "elmusmolamas"]
[WhiteFideId "113816"]
[WhiteElo "2695"]
[BlackElo "2505"]
[Result "0-1"]
[Round "7"]
[TimeControl "180+1"]
[Date "2023.11.14"]
[WhiteClock "0:00:16"]
[BlackClock "0:00:23"]
[Board "63"]

1. d4 d5 2. Nf3 Nc6 3. c4 Bg4 4. Nc3 Nf6 5. Bf4 e6 6. e3 Bb4 7. Be2 O-O 8. O-O Re8 9. h3 Bh5 10. cxd5 exd5 11. Rc1 a6 12. Qb3 Rb8 13. Bg5 Bxc3 14. Rxc3 Re6 15. Rfc1 h6 16. Bxf6 Rxf6 17. Rc5 Rd6 18. Qc2 Bg6 19. Qc3 Ne7 20. Ne5 c6 21. Qa3 Bf5 22. b4 Ng6 23. Nd3 Qg5 24. Kf1 Bxd3 25. Qxd3 Rf6 26. Kg1 Re8 27. Bf1 Nh4 28. Qd1 Rg6 29. Qg4 Qxg4 30. hxg4 Rxg4 31. a4 Nf3+ 32. Kh1 Rh4# 0-1


[Site "https://www.chess.com"]

[Event "Titled Tuesday Blitz November 14 Late 2023"]
[White "Erzhanov, Arman"]
[Black "Shuvalova, Polina"]
[WhiteFideId "4138821"]
[BlackFideId "24171760"]
[WhiteElo "2504"]
[BlackElo "2672"]
[Result "1/2-1/2"]
[Round "7"]
[TimeControl "180+1"]
[Date "2023.11.14"]
[WhiteClock "0:00:06"]
[BlackClock "0:00:04"]
[Board "64"]

1. e4 c6 2. d4 d5 3. exd5 cxd5 4. Bd3 Nc6 5. c3 Nf6 6. h3 e5 7. dxe5 Nxe5 8. Nf3 Nxd3+ 9. Qxd3 Bd6 10. O-O O-O 11. Bg5 h6 12. Bh4 g5 13. Bg3 Bxg3 14. fxg3 Ne4 15. Nd4 f5 16. Nd2 Qd6 17. Nxe4 dxe4 18. Qc4+ Kh8 19. Rae1 Bd7 20. g4 Rac8 21. Qe2 fxg4 22. hxg4 Rce8 23. Rxf8+ Qxf8 24. Rf1 Qc5 25. Rf7 Qd5 26. Qf1 Kg8 27. Rf6 Kg7 28. Nf5+ Bxf5 29. Rxf5 Qe6 30. Rc5 Qe7 31. Qc4 Qd6 32. Rc7+ Re7 33. Rc8 Qd1+ 34. Kh2 Qd6+ 35. Kg1 Qb6+ 36. Kh2 Rf7 37. Qd5 e3 38. Qe5+ Qf6 39. Qxe3 Re7 40. Qd4 Qxd4 41. cxd4 Kf6 42. Rc4 Ke6 43. Rb4 Kd5 44. Kg3 b6 45. Ra4 Re3+ 46. Kf2 Re7 47. Rb4 Ke4 48. Ra4 Rc7 49. Rb4 Rc2+ 50. Kg3 Rd2 51. Ra4 Rd3+ 52. Kf2 a5 53. a3 Rd2+ 54. Kg3 Rxb2 55. Rc4 Kd5 56. Rc7 Rb3+ 57. Kf2 Rxa3 58. Rh7 a4 59. Rxh6 Rb3 60. Rg6 a3 61. Rxg5+ Kxd4 62. Rg8 b5 63. Ra8 b4 64. g5 Ke5 65. Ra6 Rb2+ 66. Kf3 a2 67. g6 a1=Q 68. Rxa1 Kf6 69. Re1 Kxg6 70. Ke3 Rxg2 71. Kd3 b3 72. Kc3 b2 73. Rb1 Rf2 74. Rxb2 Rxb2 75. Kxb2 1/2-1/2


[Site "https://www.chess.com"]

[Event "Titled Tuesday Blitz November 14 Late 2023"]
[White "Kanyamarala, Tarun"]
[Black "Wu, Derek"]
[WhiteFideId "45004714"]
[BlackFideId "30914558"]
[WhiteElo "2501"]
[BlackElo "2664"]
[Result "0-1"]
[Round "7"]
[TimeControl "180+1"]
[Date "2023.11.14"]
[WhiteClock "0:01:38"]
[BlackClock "0:00:59"]
[Board "65"]

1. e4 e6 2. d3 d5 3. Nd2 c5 4. Ngf3 Nf6 5. g3 Nc6 6. Bg2 Be7 7. O-O O-O 8. Re1 b5 9. e5 Nd7 10. Nf1 Bb7 11. h4 Qb6 12. N1h2 Rfc8 13. Ng4 Bf8 14. h5 h6 15. Bf4 Ne7 16. Nh4 Qd8 17. Bh3 d4 18. Nh2 Nd5 19. Bd2 Be7 20. Ng2 c4 21. Qg4 Kh8 22. Nf4 Nxf4 23. Bxf4 Nf8 24. Qe2 Qd5 25. f3 Nh7 26. Bg2 a5 27. Ng4 a4 28. a3 c3 29. bxc3 Rxc3 30. Bd2 Rxc2 31. Qd1 Rac8 32. Rc1 Rxc1 33. Bxc1 Ng5 34. Bxg5 Bxg5 35. Re2 Rc1 0-1


[Site "https://www.chess.com"]

[Event "Titled Tuesday Blitz November 14 Late 2023"]
[White "Hajiyev, Kanan"]
[Black "Adla, Diego"]
[WhiteFideId "13404148"]
[BlackFideId "100072"]
[WhiteElo "2495"]
[BlackElo "2649"]
[Result "0-1"]
[Round "7"]
[TimeControl "180+1"]
[Date "2023.11.14"]
[WhiteClock "0:00:11"]
[BlackClock "0:00:09"]
[Board "66"]

1. d4 Nf6 2. Nf3 d5 3. c4 e6 4. cxd5 exd5 5. Nc3 c6 6. Qc2 g6 7. Bg5 Bf5 8. Qb3 b6 9. e4 dxe4 10. Ne5 Qe7 11. Bc4 Be6 12. Nxe4 Bg7 13. Bxe6 fxe6 14. O-O O-O 15. Rac1 c5 16. dxc5 bxc5 17. Nxc5 Qd6 18. Rfe1 Nd5 19. f4 Na6 20. Nxa6 Qxa6 21. Nd7 Rfe8 22. Nc5 Qb6 23. Qxb6 axb6 24. Nxe6 Bxb2 25. Rcd1 Bc3 26. Re4 Ra5 27. a4 Nc7 28. Nc5 Rxe4 29. Nxe4 Bb2 30. Rd8+ Kf7 31. Rd7+ Ke6 32. Rxc7 Rxa4 33. Nd2 Ra2 34. Kf1 Kf5 35. Nf3 Kg4 36. Ke2 Be5+ 37. Kd3 Bxc7 38. h3+ Kg3 39. Ke4 Kxg2 40. Ne5 Ra4+ 41. Kd5 Kxh3 42. Nc6 Ra1 43. Ke6 Rd1 44. Ne7 Rd6+ 45. Kf7 b5 46. Ng8 b4 47. Be7 b3 48. Bxd6 Bxd6 49. Nf6 b2 50. Nxh7 b1=Q 51. Ng5+ Kg4 52. Kg7 Qf5 53. Kh6 Qxf4 54. Kg7 Qxg5 55. Kf7 Qf5+ 56. Kg8 Kh4 57. Kh7 g5+ 58. Kg7 Be5+ 59. Kg8 Qg6+ 60. Kf8 Bd6# 0-1


[Site "https://www.chess.com"]

[Event "Titled Tuesday Blitz November 14 Late 2023"]
[White "Vlassov, Nikolai"]
[Black "Shohat, Yotam"]
[WhiteFideId "4103360"]
[BlackFideId "2813955"]
[WhiteElo "2610"]
[BlackElo "2495"]
[Result "1-0"]
[Round "7"]
[TimeControl "180+1"]
[Date "2023.11.14"]
[WhiteClock "0:00:54"]
[BlackClock "0:00:00"]
[Board "67"]

1. e4 g6 2. Nc3 Nf6 3. e5 Nh5 4. d4 d6 5. g4 Ng7 6. h3 h5 7. gxh5 Nxh5 8. Be3 Nc6 9. e6 f5 10. d5 Ne5 11. Nf3 Bg7 12. Nxe5 Bxe5 13. Bd4 O-O 14. Rg1 Kh7 15. Bxe5 dxe5 16. Qe2 e4 17. O-O-O Qd6 18. Kb1 a6 19. f3 exf3 20. Qxf3 b5 21. Be2 Rf6 22. Rg5 Ng7 23. Rdg1 b4 24. Qg2 Bxe6 25. Rxg6 1-0


[Site "https://www.chess.com"]

[Event "Titled Tuesday Blitz November 14 Late 2023"]
[White "Yelisieiev, Yevhenii"]
[Black "Rich, Albert J"]
[WhiteFideId "14139642"]
[BlackFideId "2028735"]
[WhiteElo "2588"]
[BlackElo "2484"]
[Result "1-0"]
[Round "7"]
[TimeControl "180+1"]
[Date "2023.11.14"]
[WhiteClock "0:00:05"]
[BlackClock "0:00:02"]
[Board "68"]

1. d4 d6 2. Nf3 Nf6 3. g3 Nbd7 4. c4 c6 5. Nc3 e5 6. Bg2 e4 7. Nd2 d5 8. O-O Be7 9. f3 exf3 10. Nxf3 O-O 11. Ne5 Nxe5 12. dxe5 Bc5+ 13. Kh1 Ng4 14. cxd5 cxd5 15. Qxd5 Nf2+ 16. Rxf2 Bxf2 17. Bf4 Qb6 18. Rf1 Qxb2 19. Nd1 Be6 20. Nxb2 Bxd5 21. Bxd5 Bd4 22. Nc4 Rac8 23. e3 Bc5 24. Bxb7 Rb8 25. Bd5 Rb4 26. h4 h6 27. Nd6 Rb2 28. Rc1 Bb6 29. h5 Rd2 30. Bb3 Rb2 31. Nc4 Rc8 32. Rd1 Re2 33. Nxb6 axb6 34. Rg1 Kf8 35. Rg2 Rc1+ 36. Kh2 Ree1 37. Kh3 Ke7 38. Rc2 Rxc2 39. Bxc2 Re2 40. Bb3 Rb2 41. Kg4 Rf2 42. Bc4 g6 43. Bxh6 gxh5+ 44. Kxh5 Rf5+ 45. Kg4 Rxe5 46. Bf4 Ra5 47. Bb3 Rb5 48. Kf3 Rb4 49. g4 f6 50. Ke2 Rb5 51. Kd3 Rc5 52. e4 Rc8 53. Ke3 Rc3+ 54. Kf2 b5 55. Bd5 b4 56. Be3 Kd6 57. Bd4 Rc2+ 58. Kf3 Ke7 59. Kf4 Rc1 60. Kf5 Rf1+ 61. Kg6 Rf3 62. Kh5 Kd6 63. Kg6 Ke7 64. Bc5+ Kd7 65. Bxb4 Rf2 66. Bc5 Rc2 67. Kf5 Rxc5 68. Kxf6 Kd6 69. g5 Rc2 70. g6 Rf2+ 71. Kg7 Ke7 72. a4 Rf6 73. Bc4 Rf4 74. Bd5 Rf2 75. Kh7 Rh2+ 76. Kg7 Rh1 77. a5 Ra1 78. Kh6 Rh1+ 79. Kg5 Rg1+ 80. Kf5 Rf1+ 81. Ke5 Ra1 82. g7 Rxa5 83. g8=Q Ra1 84. Qe6+ Kd8 85. Qb6+ Ke7 86. Qc7+ Ke8 87. Bc6+ Kf8 88. Qd6+ Kg7 89. Qf6+ Kh7 90. Qh4+ Kg7 91. Qg5+ Kh7 92. Bd5 Rf1 93. Qh5+ Kg7 94. Qg4+ Kh6 95. Qh3+ Kg6 96. Qxf1 Kg5 97. Qg1+ Kh4 98. Kf4 Kh5 99. Qg5# 1-0


[Site "https://www.chess.com"]

[Event "Titled Tuesday Blitz November 14 Late 2023"]
[White "Santos Flores, Alberto"]
[Black "Willy, Stephen"]
[WhiteFideId "3601234"]
[BlackFideId "30981468"]
[WhiteElo "2567"]
[BlackElo "2464"]
[Result "0-1"]
[Round "7"]
[TimeControl "180+1"]
[Date "2023.11.14"]
[WhiteClock "0:00:04"]
[BlackClock "0:00:07"]
[Board "69"]

1. e4 d5 2. exd5 Nf6 3. d4 Bg4 4. Nf3 Qxd5 5. Be2 e6 6. Be3 Nc6 7. Nbd2 O-O-O 8. c4 Qh5 9. a3 Ne7 10. Ne5 Bxe2 11. Qxe2 Qxe2+ 12. Kxe2 Rg8 13. Nxf7 Re8 14. Ne5 Nf5 15. Ndf3 Ne4 16. g4 Nxe3 17. Kxe3 Nf6 18. g5 Nh5 19. Rhg1 Be7 20. Rg4 Rgf8 21. Re4 g6 22. Re1 Rf5 23. h4 c5 24. d5 exd5 25. cxd5 Bd6 26. Kd3 Nf4+ 27. Kc4 Ng2 28. R1e2 Nf4 29. Re1 Nh3 30. R4e2 Ref8 31. Nd2 Nf4 32. Re4 Ng2 33. R1e2 Rxf2 34. Kc3 Rxe2 35. Rxe2 Nf4 36. Re4 Nxd5+ 37. Kc2 Rf4 38. Re1 Rf2 39. Nc4 Bf4 40. Re8+ Kd7 41. Rh8 b5 42. Rxh7+ Ke6 43. Kd3 bxc4+ 44. Nxc4 Rxb2 45. Rg7 Rg2 46. Rxg6+ Kf5 47. Ra6 Rg3+ 48. Kc2 Rc3+ 49. Kb2 Rxc4 50. Rxa7 Be5+ 51. Kb3 Rxh4 52. a4 c4+ 53. Kc2 Rh2+ 54. Kd1 Ke4 55. Rd7 Ne3+ 56. Kc1 Bb2+ 57. Kb1 c3 58. Rc7 Kd3 59. g6 Ba3 60. g7 Rg2 61. a5 c2+ 62. Rxc2 Nxc2 63. a6 Nb4 64. a7 Rb2+ 65. Ka1 Nc2# 0-1


[Site "https://www.chess.com"]

[Event "Titled Tuesday Blitz November 14 Late 2023"]
[White "Likvidator228"]
[Black "Kustar, Sandor"]
[BlackFideId "702900"]
[WhiteElo "2564"]
[BlackElo "2453"]
[Result "1-0"]
[Round "7"]
[TimeControl "180+1"]
[Date "2023.11.14"]
[WhiteClock "0:00:31"]
[BlackClock "0:00:00"]
[Board "70"]

1. e4 c5 2. Nc3 e6 3. g3 a6 4. Bg2 d6 5. f4 Nc6 6. Nf3 g6 7. O-O Bg7 8. d3 Nge7 9. a4 Rb8 10. g4 h5 11. h3 b5 12. axb5 axb5 13. f5 hxg4 14. hxg4 gxf5 15. exf5 exf5 16. g5 Nd4 17. Ne2 Ne6 18. c3 Ng6 19. Ng3 Kf8 20. Nxf5 Be5 21. d4 cxd4 22. cxd4 Bf4 23. d5 Nc5 24. N3d4 Be5 25. Nc6 Qc7 26. Nxb8 Qxb8 27. Be3 Qc7 28. Rc1 Bxf5 29. Rxf5 Qd7 30. Qc2 Kg7 31. Rcf1 Rf8 32. b4 Na4 33. Qc6 1-0


[Site "https://www.chess.com"]

[Event "Titled Tuesday Blitz November 14 Late 2023"]
[White "The_Straightforward_Rook"]
[Black "Nikologorsky, Matfei"]
[BlackFideId "24102474"]
[WhiteElo "2562"]
[BlackElo "2445"]
[Result "0-1"]
[Round "7"]
[TimeControl "180+1"]
[Date "2023.11.14"]
[WhiteClock "0:01:26"]
[BlackClock "0:00:22"]
[Board "71"]

1. e4 c5 2. c3 d5 3. exd5 Qxd5 4. Nf3 Nf6 5. Na3 e6 6. Be2 Nc6 7. d4 cxd4 8. Nb5 Qd8 9. Nbxd4 Nxd4 10. Qxd4 Be7 11. O-O O-O 12. Rd1 Bd7 13. Ne5 Bc6 14. Nxc6 bxc6 15. Bf3 Qxd4 16. Rxd4 Rac8 17. Bf4 Nd5 18. Bg3 Rb8 19. Rd2 Rb6 20. c4 Nf6 21. h3 h6 22. Rad1 a5 23. Bc7 Ra6 24. Bd6 Bxd6 25. Rxd6 Rb6 26. b3 Rc8 27. Rd8+ Rxd8 28. Rxd8+ Kh7 29. Rd6 a4 30. Rxc6 Rb4 31. Bd1 Ne4 32. bxa4 Rb1 33. f3 Rxd1+ 34. Kh2 Nc3 35. a5 Ra1 36. Rc7 Rxa2 37. Rxf7 Rxa5 38. Re7 Rc5 39. Rxe6 Rxc4 40. Re7 Nd5 41. Rd7 Nf4 42. Kg3 Nh5+ 43. Kh2 Kg6 44. Rd6+ Nf6 45. Ra6 Kf5 46. Ra5+ Kf4 47. Ra7 g5 48. Rf7 Ke5 49. Rh7 Nxh7 50. Kg3 Nf6 51. h4 Nh5+ 52. Kf2 Rxh4 53. Ke3 Ra4 54. Kf2 Nf4 55. Kg1 Ra2 56. g3 Rg2+ 57. Kf1 Rxg3 58. Kf2 Rg2+ 59. Kf1 Ra2 60. Ke1 Kd4 61. Kf1 Ke3 62. Ke1 Ra1# 0-1


[Site "https://www.chess.com"]

[Event "Titled Tuesday Blitz November 14 Late 2023"]
[White "Pinheiro, Iung Alicio de O."]
[Black "szachmistrz2500"]
[WhiteFideId "2104350"]
[WhiteElo "2555"]
[BlackElo "2445"]
[Result "0-1"]
[Round "7"]
[TimeControl "180+1"]
[Date "2023.11.14"]
[WhiteClock "0:00:06"]
[BlackClock "0:00:08"]
[Board "72"]

1. Nf3 d5 2. b3 c6 3. Bb2 Bg4 4. g3 Nd7 5. Bg2 Ngf6 6. O-O Bxf3 7. exf3 e6 8. f4 g6 9. d4 Bd6 10. Nd2 Kf8 11. c4 Kg7 12. Nf3 a5 13. a4 Ne4 14. Qc2 h5 15. h4 Be7 16. Rad1 Nd6 17. Rfe1 Nf5 18. Bh3 Bf6 19. Ne5 Rc8 20. Bxf5 gxf5 21. Qe2 Nxe5 22. dxe5 Be7 23. Bc3 Qb6 24. Rb1 d4 25. Bd2 c5 26. Qf3 Qc7 27. Kf1 b6 28. Ke2 Qc6 29. Qxc6 Rxc6 30. Kd3 Kf8 31. Rg1 Ke8 32. Rg2 Kd7 33. Rbg1 Rcc8 34. Be1 Rcg8 35. f3 Rg6 36. g4 hxg4 37. fxg4 Bxh4 38. Rh1 Bf6 39. Rxh8 Bxh8 40. g5 Rg8 41. Rh2 Bg7 42. Rh7 Ke7 43. Bh4 Kf8 44. g6 fxg6 45. Bf6 Bxf6 46. exf6 g5 47. fxg5 Rxg5 48. Rb7 Rg3+ 49. Kc2 Rc3+ 50. Kb2 f4 51. Rxb6 Kf7 52. b4 cxb4 53. Rb5 f3 54. Rb7+ Kxf6 55. Rb8 Ke5 56. Rf8 Ke4 57. c5 Rxc5 58. Rf6 e5 59. Kb3 Ke3 60. Rf5 f2 61. Kb2 Ke2 62. Rh5 f1=Q 63. Rh2+ Kd3 64. Rh3+ Qxh3 65. Kb3 Kd2+ 66. Kb2 Rc2+ 67. Kb1 Qf1# 0-1


[Site "https://www.chess.com"]

[Event "Titled Tuesday Blitz November 14 Late 2023"]
[White "Ozates, Tuna"]
[Black "Polaczek, Richard"]
[WhiteFideId "6354521"]
[BlackFideId "200026"]
[WhiteElo "2555"]
[BlackElo "2441"]
[Result "1-0"]
[Round "7"]
[TimeControl "180+1"]
[Date "2023.11.14"]
[WhiteClock "0:01:09"]
[BlackClock "0:00:01"]
[Board "73"]

1. e4 Nf6 2. e5 Nd5 3. d4 d6 4. Nf3 g6 5. c4 Nb6 6. Bf4 Bg7 7. h3 O-O 8. Nc3 Nc6 9. exd6 cxd6 10. Be2 h6 11. O-O e5 12. Be3 Re8 13. d5 Ne7 14. c5 dxc5 15. d6 Nf5 16. Bxc5 e4 17. Nd2 Nxd6 18. Bxd6 Qxd6 19. Ndxe4 Qe5 20. Bf3 Bf5 21. Re1 Rad8 22. Qb3 Be6 23. Qb5 Qxb5 24. Nxb5 Bxb2 25. Rab1 Na4 26. Ned6 Bxa2 27. Nxe8 Bxb1 28. Nbd6 Ba2 29. Nxb7 Rd2 30. Ned6 Bd4 31. Re8+ Kg7 32. Rc8 Bxf2+ 33. Kf1 Bg3 34. Ne8+ Kf8 35. Nf6+ Kg7 36. Ne4 Rb2 37. Nxg3 1-0


[Site "https://www.chess.com"]